 Dungeon Crawl Stone Soup version 0.31-a0-210-gccc998df9b (webtiles) character file.

Game seed: 96798789684694227

230 qw the Shooter (level 5, 0/45 HPs)
             Began as a Minotaur Hexslinger on June 30, 2023.
             Slain by a hobgoblin (2 damage)
             ... led by Robin
             ... on level 4 of the Dungeon.
             The game lasted 00:01:15 (3378 turns).

qw the Shooter (Minotaur Hexslinger)                Turns: 3378, Time: 00:01:16

Health: 0/45       AC:  5    Str: 13    XL:     5   Next: 72%
Magic:  5/5        EV: 11    Int: 10    God:
Gold:   215        SH:  0    Dex: 14    Spells: 5/6 levels left

rFire   . . .        Y - +1 sling
rCold   . . .        (no shield)
rNeg    . . .        h - +0 ring mail
rPois   .            (helmet restricted)
rElec   .            (no cloak)
rCorr   .            (no gloves)
SInv    .            (no boots)
Will    .....        (no amulet)
Stlth   +            (no ring)
HPRegen 0.27/turn    (no ring)
MPRegen 0.09/turn

%: no passive effects
@: no status effects
A: horns 2, retaliatory headbutt, mutation resistance 1
a: no special abilities


You were on level 4 of the Dungeon.
You visited 2 branches of the dungeon, and saw 5 of its levels.

You collected 215 gold pieces.


Innate Abilities, Weirdness & Mutations

You have a pair of horns on your head.
You reflexively headbutt those who attack you in melee.
You are somewhat resistant to further mutation.


   Skills:
 - Level 3.0 Fighting
 + Level 5.9 Ranged Weapons
 - Level 1.2 Armour
 - Level 2.1 Dodging
 - Level 1.0 Spellcasting
 - Level 2.0 Hexes


You had 5 spell levels left.
You knew the following spells:

 Your Spells              Type           Power      Damage    Failure   Level
a - Slow                  Hex            16%        N/A       32%         1

Your spell library contained the following spells:

 Spells                   Type           Power      Damage    Failure   Level
 Inner Flame              Hex/Fire       2%         N/A       82%         3
 Portal Projectile        Hex/Tloc       4%         N/A       82%         3
 Cause Fear               Hex            2%         N/A       97%         4

Inventory:

Hand Weapons
 Y - a +1 sling (weapon)
Armour
 h - a +0 ring mail (worn)
Jewellery
 c - a ring of ice
Scrolls
 b - a scroll of identify
 f - a scroll of enchant armour {unknown}
Potions
 a - a potion of heal wounds {unknown}
 d - a potion of haste
 e - a potion of enlightenment {unknown}
 g - a potion of cancellation {unknown}
 i - 2 potions of curing {unknown}

Dungeon Overview and Level Annotations

Branches:
Dungeon (4/15)             Temple (1/1) D:4

Altars:
Cheibriados
Dithmenos
Fedhas
Gozag
Kikubaaqudgha
Makhleb
Nemelex Xobeh
Qazlal
Ru
Trog
Uskayaw
Xom
Yredelemnul
Zin
The Shining One

Annotations:
D:3 2 transporters, qw's ghost, amateur DEHu
D:4 Natasha; Robin


Message History

You shoot a sling bullet.
The sling bullet closely misses the goblin.
The goblin closely misses you. The hobgoblin hits you.
The goblin hits you but does no damage.
You shoot a sling bullet.
The sling bullet closely misses the goblin.
The hobgoblin no longer looks unusually strong.
The goblin hits you with a +0 dagger.
Robin roars a battlecry!
The hobgoblin goes into a battle-frenzy!
The hobgoblin barely misses you. The goblin hits you but does no damage.
You shoot a sling bullet.
The sling bullet closely misses the goblin.
The hobgoblin no longer looks unusually strong.
The hobgoblin closely misses you. The goblin hits you with a +0 club.
The goblin barely misses you. x3; The hobgoblin barely misses you.
Robin roars a battlecry!
The hobgoblin goes into a battle-frenzy!
You shoot a sling bullet. The sling bullet hits the goblin!
You kill the goblin!
The hobgoblin no longer looks unusually strong.
The goblin hits you but does no damage.
The hobgoblin hits you but does no damage.
Robin says, "A pitiful Minotaur like you will never find the ORB!"
Robin roars a battlecry!
The hobgoblin goes into a battle-frenzy!
You shoot a sling bullet.
The sling bullet hits the hobgoblin but does no damage.
The hobgoblin no longer looks unusually strong.
The hobgoblin hits you but does no damage.
The hobgoblin hits you. The goblin misses you.
You shoot a sling bullet.
The sling bullet closely misses the hobgoblin.
The hobgoblin barely misses you. The goblin hits you but does no damage.
The hobgoblin hits you but does no damage.
You shoot a sling bullet. The sling bullet hits the hobgoblin.
The hobgoblin is heavily wounded.
The goblin misses you. You furiously retaliate!
You headbutt the goblin. The hobgoblin hits you.
You die...

+.#.# #...# ..
#.#.# .) #...# ##
.# #)### .## g#
#)..# ..# g# #.#.#
#.##g# #...# #.#gg#
#.#.#####.#@######
#...#......g.......
#.#.#.#############
#...#.# #.###.#
#.....# #######


You could see Robin, 4 hobgoblins and a goblin (strong).

Vanquished Creatures
  An orc priest (D:3)
  A hound (D:4)
  Natasha (twice) (D:4)
  5 adders
  4 dart slugs
  9 orcs
  5 ball pythons
  3 endoplasms
  A giant cockroach (D:2)
  7 goblins
  4 hobgoblins
  5 jackals
  2 quokkas (D:2)
  4 bats
  2 frilled lizards
  5 kobolds
  3 rats
63 creatures vanquished.

Notes
Turn   | Place    | Note
-------+----------+-------------------------------------------
     0 | D:1      | qw the Minotaur Hexslinger began the quest for the Orb.
     0 | D:1      | Reached XP level 1. HP: 16/16 MP: 1/1
     0 | D:1      | 0 ||| qw: Version: 0.3-a-24-ga2abf7b
     0 | D:1      | 0 ||| qw: Game counter: 7121
     0 | D:1      | 0 ||| qw: Melee chars always use a shield: true
     0 | D:1      | 0 ||| qw: God list: Okawaru
     0 | D:1      | 0 ||| qw: Allow faded altars: false
     0 | D:1      | 0 ||| qw: Do Orc after clearing Dungeon:15 true
     0 | D:1      | 0 ||| qw: Do second Lair branch before Depths: true
     0 | D:1      | 0 ||| qw: Lair rune preference: random
     0 | D:1      | 0 ||| qw: Goals: Normal
     0 | D:1      | 0 ||| PLANNING D:1-11
   316 | D:1      | Reached skill level 3 in Ranged Weapons
   396 | D:1      | Reached XP level 2. HP: 23/23 MP: 2/2
   581 | D:1      | 581 ||| UPGRADING to +0 leather armour.
   591 | D:1      | 591 ||| DROPPING +0 robe.
   592 | D:1      | 592 ||| UPGRADING to +0 ring mail.
   602 | D:1      | 602 ||| DROPPING +0 leather armour.
   603 | D:1      | 603 ||| DROPPING ring of magical power.
   604 | D:1      | 604 ||| DRINKING 2 bubbling clear potions.
   605 | D:1      | 605 ||| DRINKING 2 cyan potions.
   605 | D:1      | Gained mutation: You occasionally lose the ability to drink
                  | potions when taking damage. [potion of mutation]
   605 | D:1      | Gained mutation: You sometimes lose the ability to drink
                  | potions when taking damage. [potion of mutation]
   606 | D:1      | 606 ||| DRINKING potion of mutation.
   606 | D:1      | Lost mutation: You sometimes lose the ability to drink
                  | potions when taking damage. [potion of mutation]
   606 | D:1      | Lost mutation: You occasionally lose the ability to drink
                  | potions when taking damage. [potion of mutation]
   606 | D:1      | Gained mutation: You sometimes lose your temper in combat.
                  | [potion of mutation]
   606 | D:1      | Gained mutation: Your mind is acute. (Int +4, Str/Dex -1)
                  | [potion of mutation]
   607 | D:1      | 607 ||| DROPPING scroll of poison.
   948 | D:2      | Reached XP level 3. HP: 29/29 MP: 3/3
  1074 | D:2      | 1074 ||| DRINKING potion of mutation.
  1074 | D:2      | Lost mutation: You sometimes lose your temper in combat.
                  | [potion of mutation]
  1074 | D:2      | Lost mutation: Your mind is acute. (Int +4, Str/Dex -1)
                  | [potion of mutation]
  1074 | D:2      | Gained mutation: You are frail. (-10% HP) [potion of
                  | mutation]
  1074 | D:2      | Lost mutation: You are frail. (-10% HP) [potion of
                  | mutation]
  1074 | D:2      | Gained mutation: You are somewhat resistant to further
                  | mutation. [potion of mutation]
  1167 | D:2      | Reached skill level 4 in Ranged Weapons
  1328 | D:2      | Reached skill level 1 in Armour
  1439 | D:2      | 1439 ||| READING 2 scrolls labelled ANOTEO ALLYETA.
  1440 | D:2      | 1440 ||| DRINKING 2 sedimented black potions.
  1441 | D:2      | 1441 ||| DRINKING 2 fuming clear potions.
  1442 | D:2      | 1442 ||| DROPPING scroll of blinking.
  1443 | D:2      | 1443 ||| DROPPING potion of degeneration.
  1444 | D:2      | 1444 ||| DROPPING potion of invisibility.
  1516 | D:3      | Reached XP level 4. HP: 33/36 MP: 4/4
  1608 | D:3      | Noticed qw's ghost (amateur DEHu)
  1609 | D:3      | Found a transporter.
  1612 | D:3      | Noticed an ogre
  1622 | D:3      | Found a transporter.
  2046 | D:3      | HP: 9/36 [orc priest/divine providence (10)]
  2047 | D:3      | HP: 1/36 [orc priest/+0 flail (8)]
  2049 | D:3      | Reached skill level 5 in Ranged Weapons
  2057 | D:3      | 2057 ||| FLEEEEING.
  2058 | D:3      | 2058 ||| FLEEEEING.
  2060 | D:3      | 2060 ||| FLEEEEING.
  2064 | D:3      | 2064 ||| FLEEEEING.
  2065 | D:3      | 2065 ||| FLEEEEING.
  2066 | D:3      | 2066 ||| FLEEEEING.
  2067 | D:3      | 2067 ||| FLEEEEING.
  2068 | D:3      | 2068 ||| FLEEEEING.
  2069 | D:3      | 2069 ||| FLEEEEING.
  2071 | D:3      | 2071 ||| STAIRDANCE
  2180 | D:2      | 2180 ||| READING 3 scrolls labelled NEHOAN DYSE.
  2181 | D:2      | 2181 ||| DROPPING 2 scrolls of fog.
  2558 | D:3      | 2558 ||| READING scroll labelled DEKEIRIEVA.
  2559 | D:3      | 2559 ||| READING scroll labelled QUTIV HYPOGEO.
  2560 | D:3      | 2560 ||| READING scroll labelled ZAUFEWNUXED.
  2561 | D:3      | 2561 ||| READING scroll labelled VOXAETAEGH.
  2640 | D:4      | Found a blossoming altar of Fedhas.
  2706 | D:4      | Found a staircase to the Ecumenical Temple.
  2707 | D:4      | 2707 ||| PLANNING TEMPLE
  2715 | Temple   | Entered the Ecumenical Temple
  2825 | Temple   | 2825 ||| PLANNING D:1-11
  2942 | D:4      | Noticed Natasha
  2948 | D:4      | Killed Natasha
  2949 | D:4      | Reached skill level 3 in Fighting
  2949 | D:4      | Reached XP level 5. HP: 45/45 MP: 5/5
  3005 | D:4      | Noticed Natasha
  3011 | D:4      | Killed Natasha
  3018 | D:4      | Noticed Natasha
  3023 | D:4      | 3023 ||| Stepping ~*~*~tactically~*~*~ (outnumbered).
  3024 | D:4      | 3024 ||| Stepping ~*~*~tactically~*~*~ (outnumbered).
  3026 | D:4      | 3026 ||| FLEEEEING.
  3027 | D:4      | 3027 ||| FLEEEEING.
  3028 | D:4      | 3028 ||| FLEEEEING.
  3029 | D:4      | 3029 ||| FLEEEEING.
  3030 | D:4      | 3030 ||| FLEEEEING.
  3031 | D:4      | 3031 ||| FLEEEEING.
  3032 | D:4      | 3032 ||| FLEEEEING.
  3033 | D:4      | 3033 ||| FLEEEEING.
  3034 | D:4      | 3034 ||| FLEEEEING.
  3035 | D:4      | 3035 ||| FLEEEEING.
  3036 | D:4      | 3036 ||| FLEEEEING.
  3037 | D:4      | 3037 ||| FLEEEEING.
  3038 | D:4      | 3038 ||| FLEEEEING.
  3039 | D:4      | 3039 ||| FLEEEEING.
  3040 | D:4      | 3040 ||| FLEEEEING.
  3041 | D:4      | 3041 ||| FLEEEEING.
  3042 | D:4      | 3042 ||| FLEEEEING.
  3053 | D:4      | 3053 ||| FLEEEEING.
  3060 | D:4      | 3060 ||| FLEEEEING.
  3061 | D:4      | 3061 ||| FLEEEEING.
  3062 | D:4      | 3062 ||| FLEEEEING.
  3064 | D:4      | 3064 ||| FLEEEEING.
  3066 | D:4      | 3066 ||| FLEEEEING.
  3067 | D:4      | 3067 ||| FLEEEEING.
  3127 | D:4      | Found a snail-covered altar of Cheibriados.
  3359 | D:4      | Noticed Robin
  3371 | D:4      | HP: 9/45 [hobgoblin[Robin] (3)]
  3376 | D:4      | HP: 2/45 [hobgoblin[Robin] (4)]
  3378 | D:4      | Slain by a hobgoblin

Levels and vault maps discovered:
D:1:      dpeg_arrival_erosion, layout_basic
D:2:      layout_basic, grunt_decor_junction
D:3:      layout_basic, gammafunk_ghost_smash, corexii_hall_statues_i,
          palyth_stone_intersect
D:4:      layout_basic, kennysheep_orc_sif_temple,
          mainiacjoe_overflow_concentric_impassable, kennysheep_slug_shrine,
          lemuel_temple_firewalk_b, kennysheep_cross_room, hex_intersection,
          hangedman_minor_gate_pass, uniq_sigmund, uniq_robin, uniq_eustachio,
          uniq_natasha
Temple:   dshaligram_water_room_temple

Skill      XL: |  1  2  3  4 |
---------------+-------------+-----
Ranged Weapons | 3 4 5 |  5.9
Fighting       | 2 3 |  3.0
Armour         | 1 |  1.2
Dodging        | |  2.1
Spellcasting   | |  1.0
Hexes          | |  2.0

Action                     |  1- 3 |  4- 6 || total
---------------------------+-------+-------++-------
   Fire: Sling             |    93 |   140 ||   233
    Use: Potion            |     6 |       ||     6
         Scroll            |     1 |     5 ||     6
 Armour: Robe              |     2 |       ||     2
         Ring mail         |    16 |    50 ||    66
  Dodge: Dodged            |    33 |    68 ||   101

Table legend:
 A = Non-vault XP
 B = Vault XP
 C = Vault XP percentage of total XP
 D = Non-vault monster count
 E = Vault monster count
 F = Vault count percentage of total count
                 A         B        C        D         E       F
            +---------+---------+-------+---------+---------+-------
      Total |     255 |      74 |  22.5 |      49 |      14 |  22.2
            +---------+---------+-------+---------+---------+-------
        D:1 |      12 |       0 |   0.0 |       8 |       0 |   0.0
        D:2 |      70 |       0 |   0.0 |      18 |       0 |   0.0
        D:3 |      88 |       0 |   0.0 |      16 |       0 |   0.0
        D:4 |      85 |      74 |  46.5 |       7 |      14 |  66.7
            +---------+---------+-------+---------+---------+-------
